 Dungeon Crawl Stone Soup version 0.22-a0-553-g9358b0b (webtiles) character file.

21 kae the Insei (level 2, 0/23 HPs)
             Began as a Demigod Transmuter on June 25, 2018.
             Slain by a jackal (1 damage)
             ... on level 1 of the Dungeon.
             The game lasted 00:00:46 (1213 turns).

kae the Insei (Demigod Transmuter)                  Turns: 1213, Time: 00:00:46

Health: 0/23       AC:  2    Str: 13    XL:     2   Next: 48%
Magic:  7/7        EV: 12    Int: 17    God:
Gold:   22         SH:  0    Dex: 16    Spells: 3/4 levels left

rFire    . . .     SeeInvis .     - Unarmed
rCold    . . .     Gourm    .   (no shield)
rNeg     . . .     Faith    +   b - +0 robe
rPois    .         Spirit   .   (no helmet)
rElec    .         Reflect  .   (no cloak)
rCorr    .         Harm     .   (no gloves)
MR       .....                  (boots currently unavailable)
Stlth    +.........             e - amulet of faith
HPRegen  0.07/turn              (no ring)
MPRegen  0.10/turn              (no ring)

@: appendage (expiring)
A: talons 3, high mp 1
a: End Transformation


You were on level 1 of the Dungeon.
You were not hungry.
You had grown temporary talons.
You visited 1 branch of the dungeon, and saw 1 of its levels.

You collected 22 gold pieces.

Inventory:

Missiles
 a - 25 arrows
Armour
 b - a +0 robe (worn)
Jewellery
 e - an amulet of faith (around neck)
Scrolls
 f - 3 scrolls of identify
 g - a scroll of remove curse
Comestibles
 d - 2 rations


   Skills:
 + Level 1.2 Fighting
 - Level 1.7 Dodging
 * Level 3.0 Unarmed Combat
 + Level 1.9 Spellcasting
 * Level 2.2 Transmutations


You had 3 spell levels left.
You knew the following spells:

 Your Spells              Type           Power        Failure   Level  Hunger
a - Beastly Appendage     Tmut           #.....       8%          1    #......

Your spell library contained the following spells:

 Spells                   Type           Power        Failure   Level  Hunger
 Spider Form              Tmut/Pois      #.........   36%         3    ###....
 Blade Hands              Tmut           #.........   91%         5    ######.
 Ice Form                 Ice/Tmut       #.......     77%         4    #####..
 Sticks to Snakes         Tmut           #.......     12%         2    ###....


Dungeon Overview and Level Annotations

Branches:
Dungeon (1/15)


Innate Abilities, Weirdness & Mutations

You have an increased reservoir of magic. (+10% MP)
You have claws for feet.


Message History

You feel a surge of self-confidence.
e - an amulet of faith (around neck)
Your transformation is almost over.
The jackal misses you. The jackal completely misses you.
The jackal closely misses you.
You closely miss the jackal. The jackal misses you.
The jackal bites you but does no damage.
The jackal bites you.
* * * LOW HITPOINT WARNING * * *
The jackal barely misses you.
You closely miss the jackal.
The jackal is almost dead.
The jackal bites you.
* * * LOW HITPOINT WARNING * * *
The jackal closely misses you.
The jackal bites you but does no damage.
The jackal bites you.
* * * LOW HITPOINT WARNING * * *
The jackal misses you. The jackal bites you.
You die...

#....... ##....(. ####8'8
######'# #########
#.§..((§ #.......#
#≈§≈§..§ #.......#
###≈≈≈≈§ #.....hh# ####+#
#.....h@# #####..h##
#...#...####### ######
#.......$.....######.....
#..................#.....
#..................#.....
......#............#.....
....#######........#.....
.... ######..............


You could see 4 jackals.

Vanquished Creatures
  2 dart slugs (D:1)
  3 bats (D:1)
  6 hobgoblins (D:1)
  A frilled lizard (D:1)
  A kobold (D:1)
  5 rats (D:1)
18 creatures vanquished.

Notes
Turn   | Place    | Note
-------+----------+-------------------------------------------
     0 | D:1      | kae the Demigod Transmuter began the quest for the Orb.
     0 | D:1      | Reached XP level 1. HP: 15/15 MP: 5/5
   172 | D:1      | Reached skill level 1 in Fighting
   675 | D:1      | Reached XP level 2. HP: 23/23 MP: 5/7
   763 | D:1      | Reached skill level 3 in Unarmed Combat
  1213 | D:1      | HP: 1/23 [jackal (1)]
  1213 | D:1      | Slain by a jackal

Vault maps used:
D:1:      dpeg_arrival_morbid_curiosity

Skill      XL: |  1  2 |
---------------+-------+-----
Fighting       | 1 |  1.2
Transmutations | 2 |  2.2
Unarmed Combat | 3 |  3.0
Dodging        | |  1.7
Spellcasting   | |  1.9

Action                   || total
-------------------------++-------
Melee: Unarmed           ||    68
       Headbutt          ||     5
       Kick              ||     2
 Cast: Beastly Appendage ||     9
  Use: Scroll            ||     1
  Eat: Chunk             ||     1
Armor: Robe              ||    28
Dodge: Dodged            ||    71

Table legend:
 A = Spawn XP
 B = Non-spawn XP
 C = Spawn XP percentage of total XP
 D = Spawn monster count
 E = Non-spawn monster count
 F = Spawn count percentage of total count
 G = Total turns spent on level
                    A         B        C        D         E        F      G
               +---------+---------+-------+---------+---------+-------+---------
         Total |       0 |      31 |   0.0 |       0 |      18 |   0.0 |  1213
               +---------+---------+-------+---------+---------+-------+---------
           D:1 |       0 |      31 |   0.0 |       0 |      18 |   0.0 |  1213
               +---------+---------+-------+---------+---------+-------+---------
